[Event "*** Titled Tuesday Blitz"]
[Site "Chess.com"]
[Date "2021.04.20"]
[Round "10"]
[White "northridgehawk"]
[Black "djano"]
[Result "0-1"]
[WhiteElo "2320"]
[BlackElo "2463"]
[TimeControl "180+1"]
[EndTime "11:54:28 PDT"]
[Termination "djano won by resignation"]

1. e4 c6 2. d4 d5 3. Nc3 dxe4 4. Nxe4 Nf6 5. Nxf6+ exf6 6. Nf3 Bd6 7. Bd3 O-O 8. O-O Bg4 9. c3 Nd7 10. Re1 Qc7 11. h3 Bh5 12. Qc2 Bxf3 13. gxf3 g6 14. Kg2 f5 15. Bh6 Rfe8 16. Bxf5 Nf6 17. Bg4 Bf4 18. Bxf4 Qxf4 19. h4 Nxg4 20. fxg4 Qxg4+ 21. Kh2 Qxh4+ 22. Kg2 Qg4+ 23. Kh2 Qf3 24. Qd2 Kg7 25. Rxe8 Rxe8 26. Re1 Re4 27. Rxe4 Qxe4 28. Kg3 h5 29.
f3 Qe6 30. b3 b5 31. Qd3 Qd6+ 32. Kg2 Qf4 33. Qe2 h4 34. Qe1 g5 35. Qf2 g4 36.
fxg4 Qxg4+ 37. Kf1 h3 38. c4 Qd1+ 39. Qe1 Qxe1+ 40. Kxe1 h2 41. Kd2 h1=Q 42. Kc3 Qe1+ 0-1

[Event "*** Titled Tuesday Blitz"]
[Site "Chess.com"]
[Date "2021.04.20"]
[Round "10"]
[White "queen_iryna"]
[Black "Pelopidass"]
[Result "1-0"]
[WhiteElo "2387"]
[BlackElo "2550"]
[TimeControl "180+1"]
[EndTime "11:54:29 PDT"]
[Termination "queen_iryna won by resignation"]

1. e4 c5 2. Nf3 d6 3. Bb5+ Bd7 4. Bxd7+ Qxd7 5. c4 g6 6. d4 Bg7 7. Nc3 Nc6 8. Be3 cxd4 9. Nxd4 Nf6 10. f3 O-O 11.
O-O Rfd8 12. Rc1 e6 13. Qd2 Rac8 14. b3 d5 15. exd5 exd5 16. c5 Ne5 17. Ncb5 b6 18. cxb6 axb6 19. Rxc8 Rxc8 20. Rc1 Ne8 21. a4 h5 22. Ne2 Rxc1+ 23. Qxc1 h4 24. Bxb6 h3 25. Nbd4 hxg2 26. Kxg2 Bf6 27. a5 g5 28. a6 g4 29.
Qf4 gxf3+ 30. Nxf3 Ng6 31. Qb8 Qb5 32. Kf2 Nf4 33.
Nxf4 Qxa6 34. Qxe8+ 1-0

[Event "*** Titled Tuesday Blitz"]
[Site "Chess.com"]
[Date "2021.04.20"]
[Round "10"]
[White "NovikovaGalina"]
[Black "JoachimMouhamad"]
[Result "0-1"]
[WhiteElo "2303"]
[BlackElo "2457"]
[TimeControl "180+1"]
[EndTime "11:54:29 PDT"]
[Termination "JoachimMouhamad won by resignation"]

1. e4 e5 2. Nf3 Nc6 3. d4 exd4 4.
Nxd4 Nf6 5. Nxc6 bxc6 6. Qe2 d6 7. Nc3 Be7 8. Bf4 O-O 9. O-O-O Be6 10. f3 Rb8 11. g4 Nd7 12. h4 Nb6 13. Qa6 Bf6 14.
e5 Be7 15. h5 Bg5 16. Bxg5 Qxg5+ 17. Kb1 Qxe5 18. Qxa7 Nd5 19. Rxd5 Bxd5 20. Nd1 Ra8 21.
Qxc7 Bxa2+ 22. Ka1 Qf4 23. Ne3 Qxe3 24. Bd3 Bc4+ 25.
Kb1 Bxd3 0-1

[Event "*** Titled Tuesday Blitz"]
[Site "Chess.com"]
[Date "2021.04.20"]
[Round "10"]
[White "eldur16"]
[Black "Igor_Lysyj"]
[Result "0-1"]
[WhiteElo "2611"]
[BlackElo "2776"]
[TimeControl "180+1"]
[EndTime "11:54:30 PDT"]
[Termination "Igor_Lysyj won by resignation"]

1. d4 d5 2. c4 e6 3. Nf3 dxc4 4. e3 Nf6 5. Bxc4 c5 6. O-O cxd4 7. exd4 Be7 8. Nc3 O-O 9. Bg5 Nc6 10. Re1 h6 11. Bh4 Nh5 12. Bg3 Nxg3 13. hxg3 Bf6 14. Ne2 Qb6 15.
Qd3 Rd8 16. Rad1 Bd7 17. Qe4 Ne7 18. Bd3 Ng6 19. b3 Bc6 20. Qg4 Nf8 21. Ne5 Be8 22. Bc4 Rd6 23. Nf4 Rxd4 24. Rxd4 Qxd4 25. Nf3 Qc3 26. Nh5 Rd8 27. Kh2 Ng6 28. Rxe6 Bd7 29. Nxf6+ gxf6 30. Re8+ Kg7 0-1

[Event "*** Titled Tuesday Blitz"]
[Site "Chess.com"]
[Date "2021.04.20"]
[Round "10"]
[White "AldokhinIvan"]
[Black "Jungle_Jaguar"]
[Result "0-1"]
[WhiteElo "2543"]
[BlackElo "2716"]
[TimeControl "180+1"]
[EndTime "11:54:30 PDT"]
[Termination "Jungle_Jaguar won on time"]

1. e4 e5 2. Nf3 Nf6 3. d4 Nxe4 4. Bd3 Nc6 5. dxe5 d5 6. exd6 Nxd6 7. Nc3 Be7 8. Bf4 O-O 9. Qd2 Nb4 10. Be2 Bf5 11. Nd4 Bg6 12. a3 Nc6 13. Nxc6 bxc6 14. O-O Rb8 15.
b4 Bf6 16. Rad1 Qc8 17. Bf3 Nc4 18. Qe2 Nb2 19. Ne4 Bxe4 20. Qxe4 Nxd1 21. Rxd1 c5 22. bxc5 Rd8 23. Rf1 Rd4 24. Qe3 Qf8 25. Bxc7 Re8 26. Bd6 Rxd6 27. Qxe8 Qxe8 28. cxd6 Be5 29. Re1 Bxh2+ 30.
Kf1 Qb5+ 31. Be2 Qd7 32. Bg4 Qb5+ 33. Be2 Qb8 34. d7 Be5 35. f4 Bf6 36. Bc4 Qxf4+ 37. Kg1 Qd4+ 0-1

[Event "*** Titled Tuesday Blitz"]
[Site "Chess.com"]
[Date "2021.04.20"]
[Round "10"]
[White "ErikRonka"]
[Black "RzayevB"]
[Result "0-1"]
[WhiteElo "2483"]
[BlackElo "2627"]
[TimeControl "180+1"]
[EndTime "11:54:30 PDT"]
[Termination "RzayevB won by resignation"]

1. d4 Nf6 2. c4 g6 3. Nc3 Bg7 4. e4 d6 5. Nf3 Bg4 6. Be2 Nfd7 7. Be3 O-O 8. Rc1 a6 9. d5 c5 10.
a4 Qb6 11. Bd2 Ne5 12. Nxe5 Bxe2 13. Nxe2 Bxe5 14. b3 Nd7 15. O-O Qc7 16. f4 Bg7 17.
Bc3 Rab8 18. Qd3 b5 19. cxb5 axb5 20. Bxg7 Kxg7 21. axb5 Qb6 22. Qc3+ Kg8 23. e5 Qxb5 24. Rce1 Qxb3 25. Qa1 Qb2 26. Qxb2 Rxb2 27. Nc3 Rfb8 28.
exd6 exd6 29. Ne4 R8b6 30. f5 Ra2 31. fxg6 hxg6 32. Rf4 Rbb2 33. g3 Rg2+ 34. Kf1 Rxh2 35. Nf2 Ne5 36. Kg1 Raxf2 37. Rxf2 Rxf2 38. Kxf2 Nd3+ 39.
Ke2 Nxe1 40. Kxe1 Kg7 0-1

[Event "*** Titled Tuesday Blitz"]
[Site "Chess.com"]
[Date "2021.04.20"]
[Round "10"]
[White "Kildepiotr"]
[Black "Nozdrachev_Leonid"]
[Result "1-0"]
[WhiteElo "2649"]
[BlackElo "2556"]
[TimeControl "180+1"]
[EndTime "11:54:33 PDT"]
[Termination "Kildepiotr won by checkmate"]

1. Nf3 Nf6 2. g3 g6 3. Bg2 Bg7 4. O-O O-O 5. d4 d6 6. Nbd2 Bf5 7. Nh4 Bc8 8. e4 Bg4 9. Nhf3 Nc6 10. c3 e5 11.
dxe5 Nxe5 12. Qb3 Nxf3+ 13. Nxf3 Bxf3 14. Bxf3 Rb8 15. Be3 b6 16. Rfe1 Nd7 17. Bg2 Nc5 18. Qc2 a5 19. f4 Re8 20. Bd4 Qc8 21. Re3 Qa6 22. Bf1 Qb7 23. Rae1 Rbd8 24. Bg2 Qa6 25. Bf1 Qb7 26. Bc4 b5 27. Bf1 b4 28. Bxc5 dxc5 29.
Bc4 Rd7 30. e5 Rde7 31. Rd1 Kh8 32. Qg2 Qb6 33. Red3 a4 34. Rd8 a3 35. Qa8 axb2 36.
Rxe8+ Bf8 37. Rxf8+ Kg7 38. Rg8+ Kh6 39. Qf8+ Kh5 40.
Be2# 1-0

[Event "*** Titled Tuesday Blitz"]
[Site "Chess.com"]
[Date "2021.04.20"]
[Round "10"]
[White "energie73"]
[Black "NoboaKevin1999"]
[Result "1-0"]
[WhiteElo "2367"]
[BlackElo "2449"]
[TimeControl "180+1"]
[EndTime "11:54:34 PDT"]
[Termination "energie73 won on time"]

1. d4 Nf6 2. Bf4 g6 3. e3 Bg7 4. Nf3 d6 5. h3 O-O 6. Be2 Nc6 7. O-O Nd7 8. Bh2 e5 9. c3 h6 10. a4 f5 11. a5 a6 12. b4 f4 13. Bd3 g5 14. Bc2 Nf6 15. Nbd2 g4 16. hxg4 Nxg4 17. exf4 Nxh2 18. Kxh2 Rxf4 19. dxe5 Nxe5 20. g3 Rxf3 21. Nxf3 Bg4 22. Qd5+ Kh8 23. Nxe5 Bxe5 24. Qe4 Qg8 25. Kg2 Rf8 26. f4 Bf5 27. Qe2 Bxc3 28. Ra3 Bxb4 29.
Re3 Bc5 30. Re7 Qd5+ 31. Kh2 Rg8 32. Rd1 Qa2 33. Rd2 Bxc2 34. Qh5 1-0

[Event "*** Titled Tuesday Blitz"]
[Site "Chess.com"]
[Date "2021.04.20"]
[Round "10"]
[White "chessdiamant"]
[Black "Grineva_Marianna"]
[Result "0-1"]
[WhiteElo "2311"]
[BlackElo "2233"]
[TimeControl "180+1"]
[EndTime "11:54:35 PDT"]
[Termination "Grineva_Marianna won on time"]

1. e4 c5 2. Nf3 d6 3. Bb5+ Bd7 4. c4 Nc6 5. Nc3 Nf6 6. d4 Nxd4 7.
Nxd4 cxd4 8. Qxd4 e6 9. O-O Be7 10. Qd3 O-O 11. Bf4 Bc6 12. Bxc6 bxc6 13. Rad1 e5 14.
Be3 Qc7 15. f4 Ng4 16. Kh1 Nxe3 17. Qxe3 exf4 18. Qxf4 Qb6 19. b3 Qa5 20. Rf3 Rad8 21. Rh3 Bf6 22. Qf3 Rfe8 23. Rh5 Qxc3 24. Qxc3 Bxc3 25.
Rd3 Bb4 26. g3 g6 27. Rg5 Rxe4 28. c5 d5 29. a3 Bxa3 30. h3 h5 31. Rf3 Bc1 0-1

[Event "*** Titled Tuesday Blitz"]
[Site "Chess.com"]
[Date "2021.04.20"]
[Round "10"]
[White "martinique24"]
[Black "TeukkaSalama"]
[Result "1-0"]
[WhiteElo "2484"]
[BlackElo "2382"]
[TimeControl "180+1"]
[EndTime "11:54:38 PDT"]
[Termination "martinique24 won by resignation"]

1. e4 c6 2. d4 d5 3. Nd2 dxe4 4. Nxe4 Nf6 5. Nxf6+ exf6 6. c3 Bd6 7. Bd3 O-O 8.
Qc2 Re8+ 9. Ne2 h5 10. O-O Nd7 11. Qd1 Nf8 12. Nf4 h4 13. Qh5 Bxf4 14. Bxf4 h3 15.
gxh3 Be6 16. Kh1 Qd5+ 17. Qxd5 Bxd5+ 18. f3 b5 19. Kg2 Re6 20. Rfe1 Rae8 21. Rxe6 Rxe6 22.
b3 g5 23. Bd2 Ng6 24. Kg3 Nh4 25. Rf1 Rd6 26. f4 b4 27. fxg5 bxc3 28. Bf4 Bg2 29. Bxd6 Nf5+ 30. Rxf5 1-0

[Event "*** Titled Tuesday Blitz"]
[Site "Chess.com"]
[Date "2021.04.20"]
[Round "10"]
[White "ybruned"]
[Black "Mikhal867"]
[Result "1-0"]
[WhiteElo "2343"]
[BlackElo "2435"]
[TimeControl "180+1"]
[EndTime "11:54:38 PDT"]
[Termination "ybruned won by resignation"]

1. b3 e5 2. Bb2 Nc6 3. e3 Nf6 4. Bb5 d6 5. d4 exd4 6. exd4 a6 7. Be2 Be7 8. Nf3 O-O 9. O-O d5 10. Nbd2 Bf5 11. a3 Bd6 12. Ne5 Qe8 13. Ndf3 Ne4 14.
Re1 f6 15. Nxc6 Qxc6 16. Bd3 Rae8 17. Nh4 Bc8 18. c4 Kh8 19. Qc2 g5 20. Nf3 Bg4 21.
Bxe4 dxe4 22. d5 Qb6 23. Nxg5 Be5 24. Nxe4 Bf5 25. Bxe5 Rxe5 26. Kh1 Rfe8 27. f3 Bg6 28. Qc3 Kg8 29. c5 1-0

[Event "*** Titled Tuesday Blitz"]
[Site "Chess.com"]
[Date "2021.04.20"]
[Round "10"]
[White "GelmanAlexander"]
[Black "bsnsun"]
[Result "1-0"]
[WhiteElo "2591"]
[BlackElo "2452"]
[TimeControl "180+1"]
[EndTime "11:54:39 PDT"]
[Termination "GelmanAlexander won by checkmate"]

1. d4 Nf6 2. Nc3 d5 3. Bf4 a6 4. e3 e6 5. g4 c5 6. g5 Nfd7 7. h4 Nc6 8. Nf3 cxd4 9. exd4 Qb6 10. Rb1 Bb4 11. h5 Bxc3+ 12. bxc3 Qa5 13. Qd2 b5 14. Bd3 Bb7 15. Ke2 O-O-O 16. a4 bxa4 17. h6 g6 18. Bd6 e5 19. dxe5 Rhe8 20. Qf4 Qxc3 21. Rxb7 Kxb7 22. Rb1+ Ka7 23. Qxa4 Ndb8 24. Rb3 Qa5 25. Bxb8+ Rxb8 26. Qxc6 Rxb3 27. cxb3 Rb8 28. Nd4 Qa2+ 29. Ke3 Qb2 30. Qxa6# 1-0

[Event "*** Titled Tuesday Blitz"]
[Site "Chess.com"]
[Date "2021.04.20"]
[Round "10"]
[White "Piotrek1979"]
[Black "DamianoLew95"]
[Result "0-1"]
[WhiteElo "2412"]
[BlackElo "2520"]
[TimeControl "180+1"]
[EndTime "11:54:41 PDT"]
[Termination "DamianoLew95 won by resignation"]

1. Nf3 d5 2. c4 c6 3. b3 Nf6 4.
e3 g6 5. Bb2 Bg7 6. Be2 O-O 7.
O-O Bf5 8. d3 Nbd7 9. cxd5 cxd5 10. Nd4 Re8 11. Nxf5 gxf5 12. Nd2 e6 13. b4 Rc8 14.
Qa4 a6 15. Rac1 Nb6 16. Qb3 Qd7 17. Nf3 Qa4 18. Bd4 Qxb3 19. axb3 Nfd7 20. Bxg7 Kxg7 21. Nd4 Kf6 22. f4 Ke7 23. Kf2 Rxc1 24. Rxc1 Rc8 25. Rxc8 Nxc8 26. b5 a5 27. Nf3 f6 28. d4 Kd6 29.
Ke1 Kc7 30. Kd2 Nd6 31. Kc2 Kb6 32. Nd2 Nxb5 33. Nf1 Nd6 34. Ng3 Ne4 35. Nh5 Kc7 36. g4 fxg4 37. Bxg4 f5 38. Be2 Ndf6 39. Ng7 Kd7 40. h3 Ke7 41. Nh5 Nxh5 42. Bxh5 Nf6 43. Be2 Kd6 44. b4 axb4 45. Kb3 Kc7 46. Kxb4 Ne8 47.
Bh5 Nd6 48. Kc5 b6+ 49. Kb4 Nc4 50. Bf7 Kd6 51. Bg8 h6 52. Kb5 Nxe3 53. Kxb6 Ng2 0-1

[Event "*** Titled Tuesday Blitz"]
[Site "Chess.com"]
[Date "2021.04.20"]
[Round "10"]
[White "Kretov_Evgenij"]
[Black "Das_Virus_2020"]
[Result "1-0"]
[WhiteElo "2651"]
[BlackElo "2478"]
[TimeControl "180+1"]
[EndTime "11:54:45 PDT"]
[Termination "Kretov_Evgenij won by resignation"]

1. d4 Nf6 2. c4 c5 3. d5 b5 4.
Qc2 bxc4 5. e4 e6 6. Bxc4 exd5 7. exd5 d6 8. Ne2 Be7 9. h3 O-O 10. O-O Nbd7 11. Nbc3 Nb6 12. b3 Nxc4 13. bxc4 Rb8 14.
Bd2 Bd7 15. Rfe1 Re8 16. Ng3 h6 17. Nf5 Bxf5 18. Qxf5 a6 19. Rab1 Bf8 20. g3 Rxe1+ 21. Bxe1 Rxb1 22. Qxb1 Qc7 23. Kg2 Nd7 24. Ne4 Ne5 25.
Qb3 f5 26. Nc3 Be7 27. Bd2 Bf6 28. Ne2 g5 29. f4 Nf7 30. Qd3 Qd7 31. Nc3 Bd4 32.
Ne2 Bf6 33. Qb3 Qe7 34. Qf3 Qd7 35. g4 fxg4 36. hxg4 Kg7 37. Ng3 gxf4 38. Nh5+ Kg6 39. Qe4+ Kg5 40. Qxf4+ 1-0

[Event "*** Titled Tuesday Blitz"]
[Site "Chess.com"]
[Date "2021.04.20"]
[Round "10"]
[White "Mikhail_Golubev"]
[Black "frenchpin"]
[Result "1-0"]
[WhiteElo "2573"]
[BlackElo "2425"]
[TimeControl "180+1"]
[EndTime "11:54:45 PDT"]
[Termination "Mikhail_Golubev won by resignation"]

1. e4 e6 2. d4 d5 3. Nc3 Bb4 4. e5 c5 5. a3 Bxc3+ 6. bxc3 Qa5 7. Bd2 Qa4 8. Qg4 g6 9. Qd1 b6 10. h4 h6 11. Bd3 Ba6 12. Nf3 Nc6 13. O-O Nge7 14. dxc5 bxc5 15. Be3 Bxd3 16. cxd3 Qa5 17.
Qc1 Nf5 18. Bd2 h5 19. c4 Qa4 20. cxd5 exd5 21. Qxc5 Nce7 22. Bg5 Rc8 23. Qb4 Qd7 24. Bf6 O-O 25. Bxe7 Nxe7 26. Rfe1 Nc6 27. Qf4 Rfe8 28. Qh6 Qf5 29. Ng5 Rxe5 30. d4 Rxe1+ 31. Rxe1 1-0

[Event "*** Titled Tuesday Blitz"]
[Site "Chess.com"]
[Date "2021.04.20"]
[Round "10"]
[White "Vandros57"]
[Black "noblerone"]
[Result "0-1"]
[WhiteElo "2193"]
[BlackElo "2395"]
[TimeControl "180+1"]
[EndTime "11:54:45 PDT"]
[Termination "noblerone won on time"]

1. d4 d5 2. c4 c6 3. Nf3 Nf6 4. e3 Bg4 5. Nbd2 e6 6. Bd3 Nbd7 7. O-O Be7 8. h3 Bh5 9. Qc2 O-O 10. b3 Rc8 11.
Bb2 Bg6 12. Rac1 Qa5 13. Bxg6 hxg6 14. a4 a6 15. Bc3 Qb6 16. a5 Qa7 17. g4 c5 18. Kg2 cxd4 19. Bxd4 Qb8 20. Qb2 Bb4 21. g5 Nh5 22. Ne5 Rfd8 23. Nxd7 Rxd7 24. Nf3 Bxa5 25. cxd5 exd5 26. Rxc8+ Qxc8 27. Rc1 Rc7 28. Rxc7 Bxc7 29. Be5 Bd8 30. Qc3 Qf5 31. Bd6 Bxg5 32. Qc7 Bf6 33. Qxb7 Qe6 34. Qb8+ Kh7 35. Be5 g5 0-1

[Event "*** Titled Tuesday Blitz"]
[Site "Chess.com"]
[Date "2021.04.20"]
[Round "10"]
[White "BanjoKazooieN64"]
[Black "enriquetejedor"]
[Result "1-0"]
[WhiteElo "2450"]
[BlackElo "2603"]
[TimeControl "180+1"]
[EndTime "11:54:47 PDT"]
[Termination "BanjoKazooieN64 won on time"]

1. e4 d5 2. Nf3 dxe4 3. Ng5 f5 4. d3 Nf6 5. Nc3 h6 6. Nh3 g5 7. Be2 Nc6 8. Bh5+ Nxh5 9. Qxh5+ Kd7 10. dxe4 e6 11.
O-O Qe8 12. Rd1+ Bd6 13. Qe2 Ne5 14. f4 gxf4 15. Bxf4 Ke7 16. exf5 Nf7 17. fxe6 Bxe6 18. Bxd6+ Nxd6 19. Nf4 Kd7 20. Ne4 Qe7 21. Nc5+ Kc8 22. Ncxe6 Re8 23. Re1 a5 24. a4 Ra6 25. Nc5 Qxe2 26. Rxe2 Rxe2 27. Nxe2 Rc6 28. Nb3 Rxc2 29. Ned4 Rxb2 30. Nxa5 c5 31. Rc1 b6 32. Nc4 1-0

[Event "*** Titled Tuesday Blitz"]
[Site "Chess.com"]
[Date "2021.04.20"]
[Round "10"]
[White "secretsuperstar7"]
[Black "not_najdorfs_player"]
[Result "0-1"]
[WhiteElo "2227"]
[BlackElo "2357"]
[TimeControl "180+1"]
[EndTime "11:54:47 PDT"]
[Termination "not_najdorfs_player won by checkmate"]

1. d4 g6 2. c4 d6 3. Nc3 Bg7 4. e4 c6 5. Nf3 a5 6. Be2 Na6 7. O-O h6 8. Be3 e5 9. a3 f5 10. exf5 Bxf5 11. dxe5 dxe5 12. Qb3 Qe7 13. Na4 Nf6 14.
Nb6 Rd8 15. Rad1 O-O 16. c5+ Kh7 17. Qc4 Nd5 18. Nxd5 cxd5 19. Qh4 Qxh4 20. Nxh4 d4 21. Bd2 Nxc5 22. Bxa5 Rc8 23. Nxf5 gxf5 24. Bc4 Na4 25. b3 Nc5 26. Bb4 e4 27. Bd5 d3 28. Rc1 Na6 29.
Bxf8 Rxf8 30. b4 Bb2 31. Rc4 Bxa3 32. Bxb7 Nxb4 33. Rc7+ Kg6 34. Ra1 d2 35. Rd7 Nd3 36. Rxd3 exd3 37. Bf3 Bc1 38. Ra7 Re8 39. Rd7 Re1# 0-1

[Event "*** Titled Tuesday Blitz"]
[Site "Chess.com"]
[Date "2021.04.20"]
[Round "10"]
[White "AryanTari"]
[Black "attack2mateU"]
[Result "1-0"]
[WhiteElo "2897"]
[BlackElo "2716"]
[TimeControl "180+1"]
[EndTime "11:54:49 PDT"]
[Termination "AryanTari won by resignation"]

1. e4 c5 2. Nc3 d6 3. f4 g6 4.
Nf3 Bg7 5. Bb5+ Bd7 6. Bc4 Nc6 7. d3 e6 8. f5 gxf5 9. exf5 d5 10. Bb5 Nd4 11.
Nxd4 cxd4 12. fxe6 fxe6 13. Qh5+ Ke7 14. Bxd7 dxc3 15. O-O Bd4+ 16. Kh1 Kxd7 17. bxc3 Bf6 18. Rb1 b6 19. c4 Kc6 20. cxd5+ Qxd5 21. Qg4 Bd4 22.
c3 Bc5 23. c4 Qxd3 24. Qxe6+ Bd6 25. Bf4 Nf6 26. Rbd1 Rhe8 27. Qxd6+ Qxd6 28. Rxd6+ Kc5 29. Rxf6 Kxc4 30. h4 1-0

[Event "*** Titled Tuesday Blitz"]
[Site "Chess.com"]
[Date "2021.04.20"]
[Round "10"]
[White "Mikasinski"]
[Black "SirStrateg"]
[Result "1-0"]
[WhiteElo "2542"]
[BlackElo "2610"]
[TimeControl "180+1"]
[EndTime "11:54:51 PDT"]
[Termination "Mikasinski won by resignation"]

1. e4 d6 2. d4 Nf6 3. Nc3 c6 4. f4 Qa5 5. e5 Ne4 6. Bd3 f5 7.
Nf3 d5 8. O-O Na6 9. Ne2 Nb4 10.
c3 Nxd3 11. Qxd3 b6 12. Qc2 e6 13. Re1 Be7 14. b4 Qa6 15. Nd2 O-O 16. Nxe4 fxe4 17.
Be3 Qc4 18. Qb3 Qd3 19. Kf2 a5 20. Red1 Qa6 21. a4 Bd7 22. Rdb1 axb4 23. cxb4 g5 24. g3 gxf4 25. Nxf4 Qc8 26. Kg1 Ra6 27. Qd1 Kh8 28.
Qh5 Qe8 29. Qh3 Bg5 30. Re1 Rg8 31. Kh1 c5 32. dxc5 bxc5 33. b5 d4 34. bxa6 dxe3 35. Rxe3 Bxa4 36. Qxe6 Qxe6 37. Nxe6 Bxe3 38. Rxa4 Ra8 39.
Nc7 Ra7 40. e6 Rxc7 41. a7 Rxa7 42. Rxa7 Kg8 43. Ra8+ 1-0

[Event "*** Titled Tuesday Blitz"]
[Site "Chess.com"]
[Date "2021.04.20"]
[Round "10"]
[White "JelenaKarleusa-SO-18"]
[Black "Sadykov_Ramil"]
[Result "1-0"]
[WhiteElo "2671"]
[BlackElo "2489"]
[TimeControl "180+1"]
[EndTime "11:54:51 PDT"]
[Termination "JelenaKarleusa-SO-18 won on time"]

1. d4 d5 2. Bf4 Nf6 3. e3 c5 4. Nf3 Nc6 5. Nbd2 cxd4 6. exd4 Bg4 7. c3 e6 8. Qb3 Qb6 9. Qxb6 axb6 10. Bb5 Nd7 11. Ne5 Ndxe5 12. Bxe5 f6 13. Bc7 Kf7 14. Bxb6 Bd6 15. a4 Rhc8 16. Nb3 e5 17. f3 Bf5 18.
Kf2 Bc2 19. Nc5 exd4 20. Nxb7 Be5 21. Bxc6 Rxc6 22. Bxd4 Bxd4+ 23. cxd4 Rb6 24. Nc5 Rxb2 25. Kg3 Rb4 26. a5 Rxd4 27. Rhc1 Rc4 28. Nd7 Ra7 29. Nb6 Rc6 30. Ra2 Ba4 31. Rb1 Bc2 32. Rbb2 Bd3 33. Nxd5 Bc4 34. Nb4 Rc5 35. Rc2 Bxa2 36. Rxc5 Be6 37.
a6 Ke8 38. Rb5 1-0

[Event "*** Titled Tuesday Blitz"]
[Site "Chess.com"]
[Date "2021.04.20"]
[Round "10"]
[White "Vesper2018"]
[Black "1977Ivan"]
[Result "1-0"]
[WhiteElo "2541"]
[BlackElo "2691"]
[TimeControl "180+1"]
[EndTime "11:54:52 PDT"]
[Termination "Vesper2018 won on time"]

1. e4 c5 2. Nc3 Nc6 3. Bb5 Nd4 4. Bc4 e6 5. Nge2 a6 6. a4 Nf6 7. O-O d5 8. exd5 exd5 9. Ba2 Bd6 10. d3 O-O 11.
Nxd4 cxd4 12. Ne2 Ng4 13. h3 Nh2 14. Re1 Qh4 15. Bxd5 Bg4 16. hxg4 Nxg4 17. Ng3 Bxg3 18. fxg3 Qh2+ 19. Kf1 Qxg3 20. Qd2 Rae8 21. Be4 Qh2 22.
g3 Qh1+ 23. Bxh1 1-0

[Event "*** Titled Tuesday Blitz"]
[Site "Chess.com"]
[Date "2021.04.20"]
[Round "10"]
[White "Deepweb2020"]
[Black "chessprincesa1"]
[Result "1-0"]
[WhiteElo "2479"]
[BlackElo "2320"]
[TimeControl "180+1"]
[EndTime "11:54:52 PDT"]
[Termination "Deepweb2020 won on time"]

1. Nf3 Nf6 2. c4 e6 3. d4 d5 4. g3 dxc4 5. Bg2 Be7 6. Qc2 b5 7. a4 c6 8. O-O O-O 9. Nbd2 Nd5 10. b3 c3 11. Ne4 b4 12. a5 Nd7 13. Ra4 f5 14. Neg5 N7f6 15. Ne5 Qc7 16. e4 fxe4 17. Nxe4 Ba6 18. Re1 Rae8 19. Bh3 Bc8 20. Ng5 Bd6 21.
f4 c5 22. Bg2 cxd4 23. Qd3 c2 24. Re2 h6 25. Rxc2 Qd8 26. Ne4 Nc3 27. Ra1 Nfxe4 28. Bxe4 Ba6 29. Qxd4 1-0

[Event "*** Titled Tuesday Blitz"]
[Site "Chess.com"]
[Date "2021.04.20"]
[Round "10"]
[White "Sharpchess22"]
[Black "Aradhya2000"]
[Result "0-1"]
[WhiteElo "2786"]
[BlackElo "2643"]
[TimeControl "180+1"]
[EndTime "11:54:55 PDT"]
[Termination "Aradhya2000 won by resignation"]

1. c4 e5 2. Nc3 Nf6 3. Nf3 Nc6 4.
g3 g6 5. Bg2 Bg7 6. O-O O-O 7.
d3 Re8 8. Bg5 h6 9. Bxf6 Bxf6 10.
Nd2 d6 11. Rb1 Ne7 12. b4 a5 13. bxa5 c6 14. Nb3 Nf5 15. e3 h5 16. Na4 Be6 17.
Nb6 Ra7 18. d4 exd4 19. exd4 d5 20. cxd5 cxd5 21. Rc1 h4 22. Qd3 hxg3 23. hxg3 Rxa5 24. Nxa5 Qxb6 25. Nb3 Nxd4 26. Nxd4 Bxd4 27. Rcd1 Bc5 28. Bxd5 Bxd5 29. Qxd5 Re2 30. Rd2 Bxf2+ 31. Kg2 Rxd2 32. Qxd2 Bd4 33. Qc2 Kg7 34. Qc4 Bf6 35. Rf3 Qd6 36. Qd3 Qc6 37. Qb3 b5 38. Kh2 Qc5 39. Rf4 Qh5+ 40.
Kg2 Qe2+ 41. Rf2 Qe4+ 42. Qf3 Qe6 43. Qb7 Qc4 44. Rf4 Qxa2+ 45. Kh3 Qe6+ 46. Kg2 Qe2+ 47. Rf2 Qc4 48. Qb6 Bd4 0-1

[Event "*** Titled Tuesday Blitz"]
[Site "Chess.com"]
[Date "2021.04.20"]
[Round "10"]
[White "SHIVACalypso"]
[Black "bricolageur"]
[Result "0-1"]
[WhiteElo "2451"]
[BlackElo "2394"]
[TimeControl "180+1"]
[EndTime "11:54:56 PDT"]
[Termination "bricolageur won by checkmate"]

1. Nf3 Nf6 2. c4 g6 3. g3 Bg7 4. Bg2 O-O 5. O-O d6 6. Nc3 c5 7. d3 Nc6 8. Rb1 Ne8 9. a3 Nc7 10. Bd2 a5 11. Ne1 Be6 12. Nc2 d5 13. cxd5 Nxd5 14.
Nxd5 Bxd5 15. Bxd5 Qxd5 16. b4 cxb4 17. axb4 a4 18.
b5 Nd4 19. Na3 Rfc8 20. Nc4 Rxc4 21. dxc4 Qxc4 22. e3 Nxb5 23. Qc1 Nc3 24. Bxc3 Bxc3 25. Qc2 b5 26. Rxb5 Qxb5 27. Qxc3 a3 28. Ra1 a2 29. Kg2 Qd5+ 30. Kg1 h5 31. h4 Rb8 32. e4 Rb1+ 33. Kh2 Qxe4 34. f3 Qe2+ 35. Kh3 Qf1+ 36. Kh2 Qh1# 0-1

[Event "*** Titled Tuesday Blitz"]
[Site "Chess.com"]
[Date "2021.04.20"]
[Round "10"]
[White "anon102030"]
[Black "OriTaichman"]
[Result "1-0"]
[WhiteElo "2732"]
[BlackElo "2563"]
[TimeControl "180+1"]
[EndTime "11:54:57 PDT"]
[Termination "anon102030 won on time"]

1. e4 c5 2. Nc3 Nc6 3. g3 Rb8 4.
Bg2 b5 5. d3 b4 6. Nd5 e6 7.
Ne3 Nf6 8. f4 d5 9. e5 Nd7 10. Nf3 a5 11. O-O Ba6 12. f5 Ndxe5 13. Nxe5 Nxe5 14. fxe6 fxe6 15. Qh5+ Ng6 16. Ng4 Bd6 17.
Bg5 Qb6 18. Rae1 c4+ 19. Kh1 cxd3 20. Rxe6+ Kd7 21. Be3 d4 22. Rf7+ Ne7 23. Ne5+ Kd8 24. Rfxe7 Bxe7 25. Nf7+ Kd7 26. Qd5+ Ke8 27. Nd6+ Kf8 28.
Rf6+ 1-0

[Event "*** Titled Tuesday Blitz"]
[Site "Chess.com"]
[Date "2021.04.20"]
[Round "10"]
[White "vova-79"]
[Black "AsaHoffmann"]
[Result "1-0"]
[WhiteElo "2535"]
[BlackElo "2348"]
[TimeControl "180+1"]
[EndTime "11:54:57 PDT"]
[Termination "vova-79 won on time"]

1. d4 Nf6 2. c4 c5 3. Nf3 cxd4 4. Nxd4 e5 5. Nb5 d5 6. cxd5 Bb4+ 7. Bd2 Bc5 8. N5c3 e4 9. Nxe4 Nxe4 10. Qa4+ Nd7 11.
Qxe4+ Kf8 12. Nc3 Qb6 13. e3 Nf6 14. Qc2 Bd6 15. Be2 g6 16. O-O Kg7 17. Nb5 Be5 18. Bc3 Re8 19. Rfd1 Bf5 20. Qb3 Bxc3 21. Nxc3 Qd6 22.
Qxb7 Rab8 23. Qc6 Qe5 24. Bf3 Rxb2 25. Ne2 Rc8 26. Qa6 Rcc2 27. d6 Bd7 28. Rf1 Bb5 29. Qxa7 Bxe2 30. Bxe2 Rxe2 31. Rad1 1-0

[Event "*** Titled Tuesday Blitz"]
[Site "Chess.com"]
[Date "2021.04.20"]
[Round "10"]
[White "zmeeed67"]
[Black "SmoothAsAHedgehog"]
[Result "1-0"]
[WhiteElo "2542"]
[BlackElo "2670"]
[TimeControl "180+1"]
[EndTime "11:54:59 PDT"]
[Termination "zmeeed67 won on time"]

1. d4 d5 2. c4 c6 3. Nc3 Nf6 4. e3 a6 5. Bd3 b5 6. b3 Bg4 7. Nge2 Bxe2 8. Qxe2 e6 9. O-O Nbd7 10. e4 Bb4 11. Bb2 O-O 12. Rad1 Bxc3 13. Bxc3 dxe4 14. Bxe4 Nxe4 15. Qxe4 Qc7 16. Rfe1 Rfe8 17. Qg4 Nf6 18. Qf3 Rad8 19. h3 Qe7 20. Qxc6 bxc4 21. bxc4 Rc8 22.
Qa4 Qc7 23. c5 Nd5 24. Bd2 Rb8 25. Qxa6 Rb2 26. Bc1 Rc2 27. Qa4 Rb8 28. Qxc2 h6 29. Be3 Qc6 30. Rb1 Ra8 31. Qb3 Qe8 32.
Qb5 1-0